 Dungeon Crawl Stone Soup version 0.32-a0-953-g508020473e (webtiles) character file.

Game seed: 1752576962139541490

345 elagabalus the Magician (level 6, -2/46 HPs)
             Began as a Djinni Necromancer on Apr 16, 2024.
             Splashed by a jelly's acid (9 damage)
             ... on level 4 of the Dungeon.
             The game lasted 00:18:23 (2447 turns).

elagabalus the Magician (Djinni Necromancer)        Turns: 2447, Time: 00:18:24

Health: -2/46      AC:  4    Str:  7    XL:     6   Next: 90%
Gold:   188        EV: 12    Int: 19    God:
                   SH:  5    Dex: 13

rFire   + + .        d - +3 dagger (elec)
rCold   x . .        (no shield)
rNeg    . . .        a - +0 robe
rPois   ∞            k - +1 helmet
rElec   .            (no cloak)
rCorr   .            (no gloves)
SInv    .            (boots unavailable)
Will    .....        o - amulet of reflection
Stlth   ++           (no ring)
HPRegen 0.27/turn    (no ring)

%: reflection, infuse magic (-3 HP)
@: flying
A: sickness immunity, fire resistance 2, cold vulnerability 1, float, innate
caster, HP casting, extra vitality 1
a: no special abilities


You were on level 4 of the Dungeon.
You visited 1 branch of the dungeon, and saw 4 of its levels.
You also visited: Sewer.

You collected 188 gold pieces.

Inventory:

Hand Weapons
 d - a +3 dagger of electrocution (weapon)
Armour
 a - a +0 robe (worn)
 k - a +1 helmet (worn)
 u - a +0 kite shield
Jewellery
 o - an amulet of reflection (around neck)
 q - a ring of protection from fire
Wands
 n - a wand of roots (5)
 t - a wand of polymorph (4)
Scrolls
 c - 3 scrolls of fear
 g - a scroll of enchant armour
 r - a scroll of enchant weapon
 s - a scroll of teleportation
Potions
 b - a potion of cancellation
 e - 2 potions of might
 f - 2 potions of heal wounds {unknown}
 i - a potion of enlightenment {unknown}
 j - a potion of attraction {unknown}
 l - 2 potions of curing
 m - a potion of mutation {unknown}
 p - 3 potions of lignification


   Skills:
 * Level 3.0 Fighting
 * Level 3.1 Dodging
 - Level 1.5 Stealth
 - Level 0.1 Shields
 - Level 5.3 Spellcasting
 - Level 5.3 Conjurations
 - Level 5.3 Hexes
 - Level 5.3 Summonings
 - Level 5.3 Necromancy
 - Level 5.3 Translocations
 - Level 5.3 Fire Magic
 - Level 5.3 Ice Magic
 - Level 5.3 Air Magic
 - Level 5.3 Earth Magic
 - Level 5.3 Alchemy


You knew the following spells:

 Your Spells              Type           Power      Damage    Failure   Level
a - Necrotise             Necr           100%       1d9       1%          1
b - Vampiric Draining     Necr           25%        2d7       4%          3
c - Animate Dead          Necr           25%        N/A       13%         4
d - Curse of Agony        Necr           25%        N/A       36%         5
e - Foxfire               Conj/Fire      100%       2x1d9     1%          1
f - Mercury Vapours       Alch/Air       50%        N/A       1%          2
Your spell library was empty.

Dungeon Overview and Level Annotations

Branches:
Dungeon (4/15)              Sewer (visited)
 Temple: D:4-7

Altars:
Fedhas

Shops:
D:1 =   D:2 *


Innate Abilities, Weirdness & Mutations

You are immune to sickness and miasma.
You are immune to poison.
Your flesh is very heat resistant. (rF++)
You are vulnerable to cold. (rC-)
You float through the air rather than walking.
You learn spells naturally, not from books.
Your magical power is your life essence.
You have superior vitality. (+4 MHP)


Message History

You block the jelly's attack.
Aiming: Vampiric Draining (dangerous; 4% risk of failure)
Press: ? - help, Q - select action, (/) - cycle Shift-Dir - straight line, f/p - jelly
Aim: a jelly (heavily wounded)
You draw life force from the jelly.
You feel life coursing into your body. The jelly hits you but does no damage.
The gnoll hits you with a +0 whip!
* * * LOW HITPOINT WARNING * * *
The gnoll attacks as it pursues you! The gnoll misses you.
There is an open door here.
You feel your willpower return.
Your magical contamination has completely faded away.
Aiming: Vampiric Draining (dangerous; 4% risk of failure)
Press: ? - help, Q - select action, (/) - cycle Shift-Dir - straight line, f - gnoll
Aim: a gnoll, wielding a +0 whip You draw life force from the gnoll.
You feel life coursing into your body. The gnoll hits you but does no damage.
Aiming: Vampiric Draining (dangerous; 4% risk of failure)
Press: ? - help, Q - select action, (/) - cycle Shift-Dir - straight line, f/p - gnoll
Aim: a gnoll, wielding a +0 whip (moderately wounded)
You draw life force from the gnoll.
You feel life coursing into your body.
* * * LOW HITPOINT WARNING * * *
The gnoll hits you with a +0 whip.
* * * LOW HITPOINT WARNING * * *
Aiming: Vampiric Draining (dangerous; 4% risk of failure)
Press: ? - help, Q - select action, (/) - cycle Shift-Dir - straight line, f/p - gnoll
Aim: a gnoll, wielding a +0 whip (heavily wounded)
You draw life force from the gnoll!
You kill the gnoll!
You feel life coursing into your body.
* * * LOW HITPOINT WARNING * * *
Aiming: Vampiric Draining (dangerous; 4% risk of failure)
Press: ? - help, Q - select action, (/) - cycle Shift-Dir - straight line, f - jelly
Aim: a jelly (severely wounded)
You draw life force from the jelly.
You feel life coursing into your body.
* * * LOW HITPOINT WARNING * * *
The jelly hits you.
* * * LOW HITPOINT WARNING * * *
You are splashed with acid!
You die...

######### ###
#.......###### ...#
#.......##...#....##
#........'...'.....#
####.......##...#.....#
###......gg.g..g........#
#>.#.####J######.........
#.......#@# #.........
#.#...........##.........
#.####....#<#.###+#(.....
#..........## .####
#.#<....... #.##########
#.# #.. #..


You could see a jelly and 2 gnolls.

Vanquished Creatures
  A crocodile (Sewer)
  2 vampire bats (D:3)
  An orc priest (D:3)
  An orc wizard (D:3)
  A gnoll (D:4)
  3 adders (D:3)
  A ribbon worm (D:3)
  4 dart slugs
  4 orcs (D:3)
  4 ball pythons
  5 bats
  2 bat skeletons (D:3)
  4 bat zombies (D:3)
  4 endoplasms
  4 giant cockroaches
  6 goblins
  7 hobgoblins
  2 jackals (Sewer)
  3 quokkas
  6 frilled lizards
  8 kobolds
  4 rats
77 creatures vanquished.

Vanquished Creatures (collateral kills)
  A foxfire (D:2)
1 creature vanquished.

Vanquished Creatures (others)
  38 foxfires
38 creatures vanquished.

Grand Total: 116 creatures vanquished

Notes
Turn   | Place    | Note
-------+----------+-------------------------------------------
     0 | D:1      | elagabalus the Djinni Necromancer began the quest for the
                  | Orb.
     0 | D:1      | elagabalus set off with the following spells memorised:
                  | Necrotise, Vampiric Draining, Animate Dead, Curse of Agony.
     0 | D:1      | Reached XP level 1. HP: 15/15 MP: 0/0
   101 | D:1      | Reached XP level 2. HP: 14/21 MP: 0/0
   308 | D:1      | Found Sautoxob's Jewellery Shoppe.
   449 | D:1      | Reached XP level 3. HP: 24/25 MP: 0/0
   449 | D:1      | Learned a level 1 spell: Foxfire
   787 | D:2      | Found Sigais's General Store.
   944 | D:2      | Found a faded altar of an unknown god.
  1462 | D:3      | Reached XP level 4. HP: 22/31 MP: 0/0
  1590 | D:3      | Found a glowing drain.
  1601 | Sewer    | Entered a sewer
  1649 | Sewer    | Noticed a crocodile
  1654 | Sewer    | Killed a crocodile
  1655 | Sewer    | Reached skill level 5 in Spellcasting
  1655 | Sewer    | Reached skill level 5 in Conjurations
  1655 | Sewer    | Reached skill level 5 in Hexes
  1655 | Sewer    | Reached skill level 5 in Summonings
  1655 | Sewer    | Reached skill level 5 in Necromancy
  1655 | Sewer    | Reached skill level 5 in Translocations
  1655 | Sewer    | Reached skill level 5 in Fire Magic
  1655 | Sewer    | Reached skill level 5 in Ice Magic
  1655 | Sewer    | Reached skill level 5 in Air Magic
  1655 | Sewer    | Reached skill level 5 in Earth Magic
  1655 | Sewer    | Reached skill level 5 in Alchemy
  1655 | Sewer    | Reached XP level 5. HP: 26/35 MP: 0/0
  1655 | Sewer    | Learned a level 2 spell: Mercury Vapours
  1718 | D:3      | Found a blossoming altar of Fedhas.
  1921 | D:3      | Reached skill level 1 in Fighting
  1934 | D:3      | Reached XP level 6. HP: 38/42 MP: 0/0
  2447 | D:4      | Splashed by a jelly's acid

Illustrated notes

Levels and vault maps discovered:
D:1:      psy_arrival_whirlpool, layout_loops_ring, serial_shops, shop
D:2:      layout_loops_ring, serial_shops, nicolae_shop_statue_plus,
          shapermc_ecumenical_altar_mp_urbaneastern, chequers_arboretum
D:3:      minmay_inner_zag, layout_loops_ring, kennysheep_vampire_church,
          fedhas_altar_3, portal_sewer_entry_f
D:4:      minmay_chambers_of_threes, layout_basic,
          minmay_temple_entry_offerings, uniq_ijyb, uniq_natasha, uniq_grinder

Skill      XL: |  1  2  3  4  5  6 |
---------------+-------------------+-----
Spellcasting   | 4 5 |  5.3
Conjurations   | 4 5 |  5.3
Hexes          | 4 5 |  5.3
Summonings     | 4 5 |  5.3
Necromancy     | 4 5 |  5.3
Translocations | 4 5 |  5.3
Fire Magic     | 4 5 |  5.3
Ice Magic      | 4 5 |  5.3
Air Magic      | 4 5 |  5.3
Earth Magic    | 4 5 |  5.3
Alchemy        | 4 5 |  5.3
Fighting       | 1 3 |  3.0
Dodging        | 3 |  3.1
Stealth        | |  1.5
Shields        | |  0.1

Action                     |  1- 3 |  4- 6 || total
---------------------------+-------+-------++-------
  Melee: Unarmed           |     2 |     1 ||     3
         Dagger            |       |    28 ||    28
   Cast: Necrotise         |    28 |       ||    28
         Foxfire           |    27 |       ||    27
         Vampiric Draining |       |    53 ||    53
    Use: Scroll            |     9 |     3 ||    12
 Armour: Robe              |    14 |    80 ||    94
  Dodge: Dodged            |    19 |    70 ||    89
  Block: Other             |       |    16 ||    16

Table legend: (Time is in decaauts)
 A = Elapsed time spent in this place.
 B = Non-inter-level travel time spent in this place.
 C = Inter-level travel time spent in this place.
 D = Time resting spent in this place.
 E = Time spent auto-exploring this place.
 F = Levels seen in this place.
 G = Mean time per level.
                   A        B        C        D        E       F      G
               +--------+--------+--------+--------+--------+-----+--------+
         Total |   2445 |   2338 |    107 |      0 |      0 |   5 |  489.0 |
       Dungeon |   2341 |   2234 |    107 |      0 |      0 |   4 |  585.2 |
         Sewer |    103 |    103 |      0 |      0 |      0 |   1 |  103.0 |
               +--------+--------+--------+--------+--------+-----+--------+

Top non-repeatable levels by time:
     D:3: 919 daAuts
     D:2: 767 daAuts
     D:1: 612 daAuts
   Sewer: 103 daAuts
     D:4: 42 daAuts
